 Dungeon Crawl Stone Soup version 0.30-a0-782-ge64f9170bb (webtiles) character file.

Game seed: 14450382748423468201

14 M4edhros the Charlatan (level 2, 0/18 HPs)
             Began as an Octopode Artificer on Feb 20, 2023.
             Slain by Sigmund
             ... wielding a +0 scythe
              (8 damage)
             ... on level 2 of the Dungeon.
             The game lasted 00:00:55 (367 turns).

M4edhros the Charlatan (Octopode Artificer)          Turns: 367, Time: 00:00:55

Health: 0/18       AC:  1    Str: 11    XL:     2   Next: 45%
Magic:  2/2        EV: 13    Int: 13    God:
Gold:   69         SH:  0    Dex: 12    Spells: 1/1 levels left

rFire   . . .      SeeInvis .    (no weapon)
rCold   . . .      Faith    .    (no shield)
rNeg    . . .      Spirit   .    (helmet restricted)
rPois   .          Reflect  .    (no amulet)
rElec   .          Harm     .    (no ring)
rCorr   .          Rampage  .    (no ring)
Will    .....                    (no ring)
Stlth   +++                      (no ring)
HPRegen 0.23/turn                (no ring)
MPRegen 0.08/turn                (no ring)
                                 (no ring)
                                 (no ring)

@: brilliant
A: almost no armour, amphibious, 8 rings, camouflage 1, gelatinous body 1,
(nimble swimmer 1), tentacles
a: no special abilities


You were on level 2 of the Dungeon.
You visited 1 branch of the dungeon, and saw 2 of its levels.

You collected 69 gold pieces.

Inventory:

Armour
 e - a +0 kite shield
Wands
 b - a wand of flame (14) (quivered)
 c - a wand of charming (15)
 d - a wand of iceblast (5)
Scrolls
 a - a scroll of magic mapping {unknown}
 f - a scroll of immolation {unknown}
 g - a scroll of noise {unknown}
 h - a scroll of identify {unknown}


   Skills:
 + Level 1.5 Fighting
 * Level 3.0 Dodging
 - Level 1.3 Stealth
 - Level 3.2 Evocations


You had one spell level left.
You didn't know any spells.
Your spell library contained the following spells:

 Spells                   Type           Power      Damage    Failure   Level
 Portal Projectile        Hex/Tloc       0%         N/A       67%         3
 Tukima's Dance           Hex            0%         N/A       67%         3
 Blade Hands              Tmut           0%         N/A       100%        5


Dungeon Overview and Level Annotations

Branches:
Dungeon (2/15)

Altars:

Annotations:
D:2 Sigmund


Innate Abilities, Weirdness & Mutations

You cannot wear most types of armour.
You are amphibious.
You can wear up to eight rings at the same time.
Your skin changes colour to match your surroundings (Stealth+).
Your rubbery body absorbs attacks. (AC +1, EV +1)
((You are camouflaged when in or above water. (Stealth+)))
You have tentacles for arms and can constrict up to eight enemies at once.


Message History

A ball python is nearby!
Found 6 gold pieces.
You barely miss the ball python. You grab the ball python.
You squeeze the ball python.
You kill the ball python!
A kobold comes into view. It is wielding a +0 dagger.
A kobold is nearby!
A kobold is nearby!
A kobold is nearby!
The kobold shouts!
You closely miss the kobold. You grab the kobold. You squeeze the kobold.
You kill the kobold!
Things that are here:
a +0 dagger; 4 stones No target in view!
No target in view!
Things that are here:
a +0 dagger; 4 stones You now have 69 gold pieces (gained 16).
Sigmund the Dreaded comes into view.
He is wielding a +0 scythe.
Sigmund shouts!
Sigmund is nearby!
Sigmund casts a spell at you.
You are confused.
Sigmund is nearby!
You are too confused!
Sigmund is nearby!
It was a potion of brilliance.
You feel clever all of a sudden.
A bat comes into view.
Sigmund hits you from afar with a +0 scythe.
You're too confused to move!
Sigmund points at you and mumbles some strange words.
The magic dart hits you!
A goblin comes into view. It is wielding a +6 dagger.
You feel less confused.
The goblin shouts!
Sigmund says, "Don't worry, I'll kill you fast."
Sigmund hits you with a +0 scythe!
You die...

#####...#.#.### #..#...
#....#.....† #..#...
##.#####.##. #......
####...#...##. #......
.......#.#)##. .......
####...#.##. ...#..b##
##.##.##. #.......##
#.##.###
#......@.########.##.##.
#.##.#@.................
.........##############.
#.##.##.... #. #. #.####
#. g ..# #. # #### #.


You could see Sigmund, a goblin and a bat.

Vanquished Creatures
  4 ball pythons
  A bat (D:1)
  3 endoplasms
  2 kobolds
  2 frilled lizards
  2 rats (D:1)
14 creatures vanquished.

Notes
Turn   | Place    | Note
-------+----------+-------------------------------------------
     0 | D:1      | M4edhros the Octopode Artificer began the quest for the
                  | Orb.
     0 | D:1      | Reached XP level 1. HP: 13/13 MP: 1/1
   149 | D:1      | Reached XP level 2. HP: 16/18 MP: 2/2
   360 | D:2      | Noticed Sigmund
   367 | D:2      | Slain by Sigmund

Illustrated notes

Levels and vault maps discovered:
D:1:      lemuel_arrival_funnel, layout_basic
D:2:      layout_loops_ring, uniq_sigmund

Skill      XL: |  1  2 |
---------------+-------+-----
Dodging        | 3 |  3.0
Fighting       | |  1.5
Stealth        | |  1.3
Evocations     | |  3.2

Action                     || total
---------------------------++-------
  Melee: Unarmed           ||    44
         Constrict         ||    11
         Tentacles         ||     9
  Evoke: Wand              ||     1
    Use: Potion            ||     1
   Stab: Sleeping          ||     1
 Armour: Skin              ||    10
  Dodge: Dodged            ||    36

Table legend: (Time is in decaauts)
 A = Elapsed time spent in this place.
 B = Non-inter-level travel time spent in this place.
 C = Inter-level travel time spent in this place.
 D = Time resting spent in this place.
 E = Time spent auto-exploring this place.
 F = Levels seen in this place.
 G = Mean time per level.
                   A        B        C        D        E       F      G
               +--------+--------+--------+--------+--------+-----+--------+
         Total |    366 |    360 |      6 |     20 |    155 |   2 |  183.0 |
       Dungeon |    366 |    360 |      6 |     20 |    155 |   2 |  183.0 |
               +--------+--------+--------+--------+--------+-----+--------+

Top non-repeatable levels by time:
     D:2: 186 daAuts
     D:1: 180 daAuts
